 Dungeon Crawl Stone Soup version 0.19.5 (webtiles) character file.

62 Ashiichan the Gusty (level 3, -2/21 HPs)
             Began as a High Elf Air Elementalist on May 1, 2017.
             Was an Initiate of Elyvilon.
             Slain by an adder (3 damage)
             ... on level 1 of the Dungeon.
             The game lasted 00:22:53 (2237 turns).

Ashiichan the Gusty (High Elf Air Elementalist)     Turns: 2237, Time: 00:22:53

Health: -2/21      AC:  2    Str:  5 (7)  XL:     3   Next: 85%
Magic:  5/8        EV: 13    Int: 18 (19) God:    Elyvilon [......]
Gold:   138        SH:  0    Dex: 14 (16) Spells: 2 memorised, 4 levels left

rFire  . . .     SeeInvis .     (no weapon)
rCold  . . .     Gourm    .     a - +0 robe
rNeg   . . .     Faith    .     (no shield)
rPois  .         Spirit   .     (no helmet)
rElec  .         Reflect  .     (no cloak)
rCorr  .         Harm     .     (no gloves)
MR     .....                    (no boots)
Stlth  ++........               (no amulet)
                                (no ring)
                                (no ring)

@: lethally poisoned (-2 -> -9)
A: no striking features
a: Renounce Religion


You were on level 1 of the Dungeon.
You worshipped Elyvilon.
Elyvilon was noncommittal.
You were not hungry.

You visited 1 branch of the dungeon, and saw 3 of its levels.

You collected 138 gold pieces.

Inventory:

Hand Weapons
 c - a +0 club
 g - a +0 club
 l - a +0 dagger
 m - a +0 mace
 n - a +0 dagger
 q - a cursed -1 dagger
 s - a +0 club
 w - a +0 war axe
 z - a +0 spear
 B - a +0 dagger
 C - a +0 club
 J - a +0 whip
 K - a +0 hand axe
 M - a +0 short sword
 N - a +0 club
 O - a +1 mace of crushing
 P - a +0 dagger
Missiles
 o - 49 stones (quivered)
 x - 34 poisoned needles
 y - 44 arrows
 S - 24 sling bullets
Armour
 a - a +0 robe (worn)
 f - a cursed +0 ring mail
 i - a +0 leather armour
 t - a +0 leather armour
 E - a +2 pair of boots
 Q - a +0 plate armour
 R - a +0 ring mail
Jewellery
 A - a cursed -3 ring of dexterity {unknown}
 D - a +5 ring of intelligence {unknown}
 G - an uncursed ring of ice {unknown}
Scrolls
 d - 3 scrolls of noise {unknown}
 u - 2 scrolls of remove curse {unknown}
 H - 4 scrolls of identify {unknown}
Potions
 h - a potion of magic {unknown}
 p - a potion of ambrosia {unknown}
 r - a potion of brilliance {unknown}
 I - a potion of cancellation
Books
 b - a book of Air

   Spells                             Type                      Level
   a - Shock                          Conjuration/Air              1
   b - Swiftness                      Charms/Air                   2
   c - Repel Missiles                 Charms/Air                   2
   d - Static Discharge               Conjuration/Air              3
   e - Lightning Bolt                 Conjuration/Air              5
Comestibles
 L - a bread ration


   Skills:
 * Level 3.0 Dodging
 - Level 2.1 Stealth
 + Level 2.8 Spellcasting
 - Level 1.1 Conjurations
 + Level 5.0 Air Magic


You had 4 spell levels left.
You knew the following spells:

 Your Spells              Type           Power        Failure   Level  Hunger
a - Shock                 Conj/Air       ##..         6%          1    None
b - Repel Missiles        Chrm/Air       ##....       12%         2    ##.....


Dungeon Overview and Level Annotations

Branches:
Dungeon (3/15)

Altars:
Elyvilon
Fedhas


Message History

* * * LOW HITPOINT WARNING * * *
You feel sick. The adder closely misses you. The adder barely misses you.
As you read the scroll labeled BAUROF JEC VAZ, it crumbles to dust.
It is a scroll of enchant weapon.
Your glowing mace glows red for a moment.
* * * LOW HITPOINT WARNING * * *
You feel sick. The adder barely misses you.
Press: ? - help, v - describe, . - travel A stone staircase leading down.
It was a potion of cancellation.
Your magical effects are unravelling.
You feel magically purged. The adder bites you.
Elyvilon protects you from harm!
Okay, then.
It was a potion of degeneration.
There was something very wrong with that liquid.
You feel weakened.
You feel dopey.
You feel clumsy.
* * * LOW HITPOINT WARNING * * *
You feel sick. The adder barely misses you. The adder bites you.
You die...

#.......... ######
#..........
#....####........##
#......##........#
#..≈≈≈..#........#
#...⌠............#
#...≈≈.##....†...#
###########S..........#...###
#...........@................
##.########..................
#.#......#.#.#######.#...###
#.#.####.#.#.# #.#####
#.#.#..#.#.#.# #.#
#.#.#..#†#.#.#######.#
#.#.#..#.#.#.........#
#.#........#.#############
#.######.#.#.............#


You could see an adder.

Vanquished Creatures
  2 adders
  A worm (D:2)
  A leopard gecko (D:2)
  3 orcs (D:1)
  8 bats
  A giant cockroach (D:2)
  3 goblins
  4 hobgoblins
  2 jackals (D:1)
  4 kobolds
  5 frilled lizards
  3 rats
37 creatures vanquished.

Notes
Turn   | Place    | Note
-------+----------+-------------------------------------------
     0 | D:1      | Ashiichan the High Elf Air Elementalist began the quest for the Orb.
     0 | D:1      | Reached XP level 1. HP: 11/11 MP: 4/4
   281 | D:1      | Reached skill level 4 in Air Magic
   389 | D:1      | Reached XP level 2. HP: 17/17 MP: 1/6
  1223 | D:1      | Learned a level 2 spell: Repel Missiles
  1374 | D:2      | Found a blossoming altar of Fedhas.
  1392 | D:2      | Found a white marble altar of Elyvilon.
  1399 | D:2      | Reached XP level 3. HP: 21/21 MP: 5/7
  1421 | D:2      | Became a worshipper of Elyvilon the Healer
  2041 | D:3      | Reached skill level 5 in Air Magic
  2236 | D:1      | Elyvilon protects you from harm!
  2237 | D:1      | HP: 1/21 [poisoned by an adder]
  2237 | D:1      | Slain by an adder

Skill      XL: |  1  2  3 |
---------------+----------+-----
Air Magic      | 4 5 |  5.0
Dodging        | 3 |  3.0
Stealth        | |  2.1
Spellcasting   | |  2.8
Conjurations   | |  1.1

Action                   || total
-------------------------++-------
 Cast: Shock             ||    86
       Repel Missiles    ||     1
  Use: Scroll            ||     6
       Potion            ||     4
  Eat: Bread ration      ||     1
Armor: Robe              ||    12
Dodge: Dodged            ||    44
       Deflected         ||     1
